 Dungeon Crawl Stone Soup version 0.15.0-13-gb296d5c (webtiles) character file.

137 CrazyArbalest the Bolt Thrower (level 5, 7/37 HPs)
             Began as a Demonspawn Hunter on Sept 2, 2014.
             Quit the game on Level 3 of the Dungeon.
             The game lasted 00:05:19 (1127 turns).

CrazyArbalest the Bolt Thrower (Demonspawn Hunter)  Turns: 1127, Time: 00:05:19

HP   7/37        AC  3     Str 13      XL: 5   Next:  0%
MP   5/5         EV 13     Int 12      God:
Gold 67          SH  0     Dex 14      Spells:  0 memorised,  4 levels left

rFire  . . .     SeeInvis .     b - +1 hand crossbow
rCold  . . .     Clarity  .     d - +0 leather armour
rNeg   . . .     rCorr    .     (no shield)
rPois  .         rRot     .     (no helmet)
rElec  .         Spirit   .     (no cloak)
SustAb .         Warding  .     (no gloves)
rMut   .         Stasis   .     (no boots)
Gourm  .                        (no amulet)
MR     .....                    (no ring)
                                (no ring)

@: not resistant to hostile enchantments, very unstealthy
A: repulsion field 1, powered by pain 1
a: no special abilities


You were on level 3 of the Dungeon.
You were hungry.

You visited 1 branch of the dungeon, and saw 3 of its levels.

You collected 67 gold pieces.

Inventory:

Hand weapons
 a - a +0 short sword
 b - a +1 hand crossbow (weapon)
Missiles
 h - 7 bolts of frost (quivered)
Armour
 d - a +0 leather armour (worn)
Magical devices
 r - a wand of teleportation (4) {unknown}
Comestibles
 f - 6 bread rations
 p - a slice of pizza
Scrolls
 e - 4 scrolls of identify {unknown}
 i - a scroll of blinking {unknown}
 m - a scroll of random uselessness {unknown}
 n - a scroll of enchant weapon {unknown}
 q - 2 scrolls of enchant armour {unknown}
 t - a scroll of teleportation {unknown}
Potions
 g - a potion of brilliance {unknown}
 j - 2 potions of invisibility {unknown}
 k - a potion of curing {unknown}
 l - a potion of restore abilities {unknown}
 o - a potion of might {unknown}
 s - 2 potions of heal wounds {unknown}
 u - a potion of resistance {unknown}


   Skills:
 + Level 1.0 Fighting
 + Level 5.5 Crossbows
 + Level 0.3 Armour
 + Level 2.1 Dodging
 + Level 1.1 Stealth


You had 4 spell levels left.
You didn't know any spells.

Dungeon Overview and Level Annotations

Branches:
Dungeon (3/15)

Altars:


Innate Abilities, Weirdness & Mutations

You are surrounded by a mild repulsion field (EV +2).
You sometimes gain a little power by taking damage.


Message History

The gnoll is severely wounded.
The gnoll completely misses you. The gnoll hits you with a flail.
The gnoll barely misses you.
Firing (i - inventory):
h - 8 bolts of frost (quivered)
Press: ? - help, Shift-Dir - straight line, f/p - gnoll
Aim: a gnoll, wielding a flail (severely wounded, fast)
You shoot a bolt of frost. The bolt of frost hits the gnoll.
The bolt of frost freezes the gnoll.
You kill the gnoll!
You have reached level 5!
Your demonic ancestry asserts itself...
You feel energised by your suffering.
The gnoll hits you from afar with a spear!
* * * LOW HITPOINT WARNING * * *
The gnoll closely misses you.
You are too injured to fight recklessly!
You are too injured to fight recklessly!
You are too injured to fight recklessly!
You are too injured to fight recklessly!
Are you sure you want to abandon this character and quit the game? (Confirm with "yes".)

#...................
#>...............#..
#.........(.....##..
#...................
#....)..............
##.....)[...........
##..###.)........... #...#
#............. #.#@#
#........).... # ...#)#
#.#.....(#(...
#..###g###.##.(####....
#.....g.....g.)........
.................##......g
####.....................
........................
......#..........#.....((
.................####..g


You could see 2 gnolls.

Vanquished Creatures
  An orc wizard (D:3)
  3 adders
  2 gnolls (D:3)
  2 worms (D:2)
  A giant gecko (D:2)
  5 orcs (D:3)
  3 giant cockroaches
  5 hobgoblins
  13 kobolds
  6 bats
  2 giant newts
  5 goblins
  5 rats
53 creatures vanquished.

Notes
Turn   | Place    | Note
--------------------------------------------------------------
     0 | D:1      | CrazyArbalest, the Demonspawn Hunter, began the quest for the Orb.
     0 | D:1      | Reached XP level 1. HP: 15/15 MP: 1/1
   133 | D:1      | Reached skill level 4 in Crossbows
   133 | D:1      | Gained mutation: You are surrounded by a mild repulsion field (EV +2). [demonic ancestry]
   133 | D:1      | Reached XP level 2. HP: 21/21 MP: 2/2
   503 | D:2      | Reached XP level 3. HP: 17/26 MP: 3/3
   639 | D:2      | Reached skill level 1 in Stealth
   954 | D:3      | Reached XP level 4. HP: 27/32 MP: 4/4
   957 | D:3      | Reached skill level 5 in Crossbows
  1126 | D:3      | Gained mutation: You sometimes gain a little power by taking damage. [demonic ancestry]
  1126 | D:3      | Reached XP level 5. HP: 15/37 MP: 5/5
  1127 | D:3      | Quit the game

Action                   |  1- 3 |  4- 6 || total
-------------------------+-------+-------++-------
 Fire: Hand crossbow     |    86 |    39 ||   125
